 Dungeon Crawl Stone Soup version 0.25.1-9-gc5326a611f (webtiles) character file.

Game seed: 17123763684259901192

53 RETERIOR the Bolt Thrower (level 3, 7/31 HPs)
             Began as a Minotaur Hunter on Jan 2, 2021.
             Quit the game on level 2 of the Dungeon.
             The game lasted 00:05:53 (1382 turns).

RETERIOR the Bolt Thrower (Minotaur Hunter)         Turns: 1382, Time: 00:05:54

Health: 7/31       AC:  4    Str: 16    XL:     3   Next: 62%
Magic:  2/2        EV: 12    Int:  8    God:
Gold:   155        SH:  0    Dex: 11    Spells: 2/2 levels left

rFire    . . .     SeeInvis .   a - +1 hand crossbow
rCold    . . .     Gourm    .   (no shield)
rNeg     . . .     Faith    .   c - +0 leather armour
rPois    .         Spirit   .   (helmet restricted)
rElec    .         Reflect  .   (no cloak)
rCorr    .         Harm     .   (no gloves)
MR       .....                  k - +0 pair of boots
Stlth    +.........             (no amulet)
HPRegen  0.10/turn              (no ring)
MPRegen  0.08/turn              (no ring)

@: quite poisoned (7 -> 4)
A: retaliatory headbutt, horns 2
a: no special abilities


You were on level 2 of the Dungeon.
You were not hungry.

You visited 1 branch of the dungeon, and saw 2 of its levels.

You collected 155 gold pieces.

Inventory:

Hand Weapons
 a - a +1 hand crossbow (weapon)
 b - a +0 short sword
 i - a +0 hunting sling
Missiles
 q - 28 stones (quivered)
Armour
 c - a +0 leather armour (worn)
 k - a +0 pair of boots (worn)
 o - a +0 ring mail
Jewellery
 p - a cursed -4 ring of evasion {unknown}
Scrolls
 g - 2 scrolls of enchant armour {unknown}
 j - a scroll of teleportation {unknown}
 l - a scroll of fear {unknown}
 m - 2 scrolls of remove curse {unknown}
Potions
 e - a potion of haste
 h - a potion of resistance {unknown}
 n - a potion of curing {unknown}
 r - a potion of degeneration {unknown}
 s - a potion of stabbing {unknown}
Comestibles
 f - 5 rations
 t - 2 chunks of flesh


   Skills:
 + Level 3.0 Fighting
 + Level 5.6 Crossbows
 + Level 2.2 Dodging
 + Level 0.7 Stealth


You had 2 spell levels left.
You didn't know any spells.
Your spell library was empty.

Dungeon Overview and Level Annotations

Branches:
Dungeon (2/15)

Altars:


Innate Abilities, Weirdness & Mutations

You reflexively headbutt those who attack you in melee.
You have a pair of horns on your head.


Message History

Firing (i - inventory. (/) - cycle)
d - a bolt (quivered)
Press: ? - help, Shift-Dir - straight line, f/p - worm
Aim: a worm You shoot a bolt.
The bolt hits the frilled lizard.
You kill the frilled lizard!
The adder bites you.
You are poisoned.
The adder poisons you! The rat bites you but does no damage.
The adder bites you but does no damage.
You feel sick. The adder misses you. The adder bites you but does no damage.
You feel sick. The adder completely misses you.
You feel sick. The adder bites you.
* * * LOW HITPOINT WARNING * * *
Unknown command.
Quiver which item? (- for none, * to show all) (? for menu, Esc to quit)
Okay, then.
Are you sure you want to abandon this character and quit the game? (Confirm with "yes".)

#......# #(## .#
#......# #†.# ..#
#......# ##.# ..#
#......# #.# ..#
#......# #####.##.#
#......# #....(...#
###############....(...#
#.....((....†..#
#...@r.w.......#
#....S.........#
#..............#
#.......###.......
#.......# #.#..##.#
#.......# #.#..# #
######### #.##.# #.# .#


You could see a worm, an adder and a rat.

Vanquished Creatures
  A worm (D:2)
  4 dart slugs
  4 giant cockroaches
  6 hobgoblins
  3 jackals (D:1)
  4 kobolds
  6 bats
  4 frilled lizards
  3 goblins
  8 rats
43 creatures vanquished.

Notes
Turn   | Place    | Note
-------+----------+-------------------------------------------
     0 | D:1      | RETERIOR the Minotaur Hunter began the quest for the Orb.
     0 | D:1      | Reached XP level 1. HP: 18/18 MP: 0/0
   125 | D:1      | Reached XP level 2. HP: 25/25 MP: 1/1
   155 | D:1      | Reached skill level 5 in Crossbows
   495 | D:1      | Reached XP level 3. HP: 30/30 MP: 2/2
  1382 | D:2      | Quit the game

Illustrated notes

Levels and vault maps discovered:
D:1:      heliophobic_arrival_dark_side_of_the_moon, layout_basic,
          minmay_nonomino_d4
D:2:      layout_basic

Skill      XL: |  1  2  3 |
---------------+----------+-----
Crossbows      | 5 |  5.6
Fighting       | 3 |  3.0
Dodging        | |  2.2
Stealth        | |  0.7

Action                   || total
-------------------------++-------
 Fire: Hand crossbow     ||    74
  Eat: Chunk             ||     1
Armor: Leather armour    ||    12
Dodge: Dodged            ||    35
